Map: Catalyst LE

Players

Dessa

  • Race: Zerg Zerg
  • League: Diamond
  • Spawn Location: 11:00

Draug - Winner!

  • Race: Terran Terran
  • League: Diamond
  • Spawn Location: 5:00

VOD

Have the link to the VOD?

Description

Time

  • Played on: Dec. 22, 2017, 9:34 a.m.
  • Length: 11:31
Show
View Real Time Build Order
Export as new Build Order

Dessa Zerg 

Build Orders: Hatch First 

Get SALT Encoding   

  12  0:01  Drone  
  13  0:13  Overlord  
  13  0:17  Drone  
  14  0:31  Drone x2  
  16  0:36  Drone  
  17  0:55  Hatchery  
  16  0:58  Drone  
  16  1:03  Extractor  
  16  1:04  Drone  
  17  1:17  Spawning Pool  
  16  1:22  Drone  
  17  1:27  Drone  
  17  1:31  Overlord  
  18  1:40  Drone  
  19  1:54  Drone  
  20  2:04  Metabolic Boost, Queen  
  20  2:06  Zergling x2  
  23  2:12  Queen  
  25  2:17  Drone  
  25  2:21  Drone  
  27  2:28  Drone  
  27  2:54  Drone  
  27  2:55  Drone x2, Overlord  
  30  3:01  Drone  
  31  3:07  Drone  
  31  3:10  Drone  
  31  3:11  Drone, Hatchery  
  33  3:17  Overlord  
  33  3:21  Drone  
  34  3:35  Drone  
  34  3:36  Drone, Extractor  
  34  3:37  Drone x2, Overlord  
  34  3:39  Drone  
  38  3:47  Drone  
  38  3:50  Drone  
  38  3:55  Queen  
  41  3:57  Drone  
  43  4:02  Baneling Nest, Drone  
  43  4:03  Drone  
  43  4:04  Evolution Chamber  
  43  4:05  Overlord  
  43  4:09  Drone x2  
  44  4:12  Zergling x4  
  46  4:24  Queen  
  46  4:28  Drone x2  
  50  4:32  Zerg Ground Armor Level 1  
  50  4:38  Drone  
  50  4:39  Drone x4  
  50  4:40  Drone x3  
  50  4:42  Drone  
  59  4:52  Extractor x2  
  58  4:54  Drone x2  
  58  4:56  Drone x3  
  58  4:58  Lair  
  58  4:59  Zergling x2  
  63  5:01  Overlord  
  63  5:17  Drone x2  
  63  5:18  Drone x3  
  63  5:19  Overlord  
  63  5:20  Zergling x6  
  71  5:33  Drone x2, Extractor x2  
  71  5:35  Overlord  
  71  5:37  Zergling x4  
  73  5:47  Zergling x6  
  73  5:48  Zergling x12  
  82  5:52  Drone  
  82  5:54  Roach Warren  
  82  6:01  Pneumatized Carapace  
  82  6:03  Drone x3  
  85  6:15  Centrifical Hooks  
  85  6:18  Baneling x6  
  85  6:22  Drone  
  85  6:25  Drone x3, Hydralisk Den  
  88  6:26  Overlord  
  87  6:35  Drone  
  87  6:36  Drone x3  
  91  6:59  Muscular Augments  
  90  7:02  Zergling x6  
  90  7:03  Zergling x4, Hydralisk x5  
  105  7:20  Overlord  
  103  7:23  Hydralisk  
  103  7:25  Overlord  
  103  7:27  Hatchery  
  103  7:28  Overlord  
  103  7:29  Zerg Ground Armor Level 2  
  99  7:56  Hatchery  
  84  8:31  Hydralisk x2  
  84  8:32  Zergling x4, Hydralisk x5  
  84  8:33  Zergling x10  
  105  8:46  Drone x3  
  108  8:50  Drone x2  
  108  8:51  Drone x2  
  112  9:01  Baneling x5  
  112  9:02  Baneling x3  
  107  9:31  Queen  
  107  9:34  Drone x3  
  107  9:35  Drone x3  
  107  9:36  Drone x4  
  119  9:45  Spine Crawler  
  119  9:47  Spine Crawler, Spore Crawler, Drone x3  
  119  9:48  Drone x3, Spore Crawler  
  119  9:50  Zergling x12  
  127  9:55  Glial Reconstitution  
  127  10:23  Overlord  
  127  10:24  Overlord  
  127  10:29  Zergling x2  
  127  10:35  Spore Crawler x3  
  125  10:36  Spine Crawler  
  125  10:37  Spine Crawler x2  
  125  10:38  Drone  
  125  10:39  Drone x2  
Show
View Real Time Build Order
Export as new Build Order

Draug Terran - Winner!

Build Orders: Bio Tank 

Get SALT Encoding   

  12  0:02  SCV  
  13  0:14  SCV  
  13  0:19  Supply Depot  
  14  0:27  SCV  
  15  0:41  SCV  
  16  0:43  Barracks  
  16  0:46  Refinery  
  16  0:53  SCV  
  17  1:05  SCV  
  18  1:17  SCV  
  19  1:29  SCV  
  20  1:33  Reaper  
  21  1:40  Command Center  
  21  1:50  Orbital Command  
  21  2:06  Barracks  
  21  2:07  Barracks Reactor  
  21  2:14  Refinery  
  21  2:22  SCV, Supply Depot  
  22  2:34  SCV  
  23  2:46  SCV  
  23  2:53  Marine x2  
  23  2:54  Barracks Tech Lab  
  25  2:59  Factory  
  25  3:03  Supply Depot  
  25  3:04  Orbital Command  
  25  3:11  SCV  
  25  3:12  Marine  
  27  3:13  Marine  
  27  3:18  Stimpack  
  28  3:20  Marine  
  28  3:23  SCV  
  30  3:29  SCV  
  30  3:32  Marine  
  32  3:34  Marine  
  32  3:35  SCV  
  34  3:41  SCV  
  35  3:49  SCV, Marine  
  35  3:52  Starport, Factory Reactor  
  38  3:55  SCV  
  38  4:00  Marine x2  
  38  4:01  SCV  
  41  4:07  SCV  
  42  4:11  Refinery  
  42  4:12  Refinery, Marine  
  42  4:13  SCV  
  44  4:18  Engineering Bay  
  44  4:19  SCV  
  45  4:25  Marine x2  
  45  4:26  SCV  
  48  4:32  SCV  
  49  4:39  SCV  
  49  4:40  Marauder  
  49  4:41  Factory Tech Lab  
  49  4:42  Medivac  
  54  4:47  Supply Depot, Terran Infantry Weapons Level 1  
  54  4:53  Supply Depot  
  54  5:09  SCV x2, Marine x3, Siege Tank  
  54  5:12  Supply Depot  
  62  5:14  Medivac  
  62  5:21  SCV x2, Supply Depot  
  66  5:23  Supply Depot  
  66  5:26  Marine  
  67  5:30  Medivac  
  69  5:41  Barracks  
  69  5:42  SCV x2  
  70  5:44  Medivac  
  72  5:54  SCV  
  72  5:55  Engineering Bay, Factory  
  72  5:56  SCV  
  74  5:57  Armory, Marine  
  75  6:06  SCV  
  75  6:08  SCV  
  77  6:12  Siege Tank  
  80  6:18  SCV  
  80  6:19  Supply Depot  
  80  6:20  SCV, Supply Depot  
  80  6:22  Supply Depot  
  80  6:24  Terran Infantry Armor Level 1  
  82  6:26  Medivac  
  82  6:30  SCV  
  85  6:37  Marine  
  85  6:38  Marine, Barracks Reactor  
  85  6:39  Marauder  
  88  6:41  Factory Tech Lab  
  88  6:42  Combat Shields  
  88  6:44  SCV  
  89  6:52  Siege Tank  
  92  6:55  Marine x2  
  92  7:00  Marine  
  95  7:13  Supply Depot x2, Marine x2  
  97  7:22  Supply Depot  
  97  7:23  Supply Depot x2  
  97  7:29  Liberator x2  
  89  7:43  Marine  
  90  7:44  Marine x4  
  90  7:45  Siege Tank x2  
  105  8:01  Marine  
  105  8:02  Marine x2, Marauder  
  107  8:12  Liberator, Marine  
  106  8:17  Siege Tank x2  
  106  8:19  Marine  
  112  8:22  Marine x2  
  112  8:24  Marauder  
  110  8:27  Terran Infantry Weapons Level 2  
  110  8:30  Command Center, Terran Infantry Armor Level 2  
  111  8:38  Marine x2  
  111  8:40  Marine x2  
  115  8:45  Marine  
  116  8:55  Siege Tank  
  119  8:56  Marine x2  
  119  8:57  SCV, Marine  
  119  8:58  Marine  
  119  9:02  Marine  
  125  9:13  Marine  
  125  9:14  Marine  
  125  9:15  Marine  
  125  9:18  Marine  
  125  9:19  Siege Tank  
  125  9:20  Medivac, Marine  
  125  9:32  Marine x2  
  125  9:33  Marine  
  125  9:36  Marine  
  125  9:38  Marine  
  129  9:45  Siege Tank  
  133  9:50  Marine x2  
  133  9:51  Marine  
  133  9:52  Siege Tank  
  139  10:19  Marine x5  
  144  10:37  Marine x5  
  144  10:39  Orbital Command  
  144  10:41  SCV x2  
  151  10:53  SCV x2  
  151  10:54  Marine  
  151  10:56  Marauder  
  156  10:59  Marine x2  
  156  11:00  Marine  
  144  11:13  Marine  
Tags
 
Composition
Bio Tank
Matchup
TvZ
Replay Pack
2017S4
Spawn Locations
Cross Positions
Add a new tag
Caveats
  • Supply blocks, unpowered buildings, or Contaminate may cause inaccurate times.
  • Supply counts are checked every 10 seconds.